 Dungeon Crawl Stone Soup version 0.31-a0-1447-g87ca8d4 (webtiles) character file.

Game seed: 4036433014924326447

8849 sdynet the Dealer of Despair (level 11, -8/60 HPs)
             Began as a Vampire Gladiator on Dec 27, 2023.
             Was an Elder of Kikubaaqudgha.
             Mangled by a hell rat (14 damage)
             ... on level 2 of the Lair of Beasts.
             The game lasted 00:38:11 (7098 turns).

sdynet the Dealer of Despair (Vampire Gladiator)    Turns: 7098, Time: 00:38:11

Health: -8/60      AC:  6    Str: 25    XL:     11   Next: 15%
Magic:  4/20       EV: 13    Int: 13    God:    Kikubaaqudgha [****..]
Gold:   164        SH:  0    Dex: 18    Spells: 1/22 levels left

rFire   + + .        a - +10 halberd of Bungecw {speed, rF+ rCorr Stlth+}
rCold   + + +        (shield currently unavailable)
rNeg    + + +        m - +1 robe of the Kitsune {Regen+}
rPois   ∞            e - +1 helmet
rElec   .            y - scarf {rC+ rF+}
rCorr   +            G - +0 pair of gloves
SInv    +            (no boots)
Will    +....        u - amulet of faith
Stlth   ++++++       n - +6 ring of strength
HPRegen 0.00/turn    q - +6 ring of strength
MPRegen 0.17/turn

%: faith
@: death channelling, fugue, bloodless, inhibited regen
A: bloodless, fangs 3, see invisible, vampiric 2, hooves 1, [frail 1]
a: Bat Form, Revivify, Renounce Religion, Unearth Wretches


You were on level 2 of the Lair of Beasts.
You worshipped Kikubaaqudgha.
Kikubaaqudgha was greatly pleased with you.
You visited 3 branches of the dungeon, and saw 11 of its levels.
You also visited: Sewer.

You collected 164 gold pieces.

Inventory:

Hand Weapons
 a - the +10 halberd of Bungecw (weapon) {speed, rF+ rCorr Stlth+}
   (You found it on level 4 of the Dungeon)

   rF+:       It protects you from fire.
   rCorr:     It protects you from acid and corrosion.
   Stlth+:    It makes you more stealthy.
 b - a +0 rapier
 c - a +2 whip of electrocution
 p - a +0 sling
 C - a +1 long sword
Missiles
 v - 2 javelins
 Z - 9 poisoned darts
Armour
 e - a +1 helmet (worn)
 f - an orb of wrath
 m - the +1 robe of the Kitsune (worn) {Regen+}
   (You found it on level 5 of the Dungeon)

   Regen+:    It increases your rate of health regeneration.
 y - a scarf of resistance (worn)
 G - a +0 pair of gloves (worn)
Jewellery
 n - a +6 ring of strength (left hand)
 q - a +6 ring of strength (right hand)
 s - an amulet of the acrobat
 u - an amulet of faith (around neck)
Wands
 l - a wand of iceblast (2)
Scrolls
 d - a scroll of teleportation {!r}
 g - a scroll of blinking
 i - 2 scrolls of revelation {!r}
 j - a scroll of vulnerability
 r - a scroll of brand weapon {unknown}
 B - a scroll of amnesia
Potions
 h - 5 potions of attraction
 k - 2 potions of mutation
 o - a potion of lignification {!q}
 x - a potion of might {!q}
 A - a potion of ambrosia {!q}
 H - a potion of haste {!q}


   Skills:
 + Level 8.3 Fighting
 - Level 4.0 Long Blades
 - Level 1.5 Throwing
 - Level 3.2 Dodging
 - Level 4.0 Stealth
 - Level 6.0 Spellcasting
 - Level 1.0 Conjurations
 - Level 4.0 Hexes
 + Level 13.2 Necromancy
 - Level 1.0 Air Magic
 - Level 1.0 Alchemy
 - Level 1.0 Evocations


You had one spell level left.
You knew the following spells:

 Your Spells              Type           Power      Damage    Failure   Level
a - Kiss of Death         Conj/Necr      88%        2d12      1%          1
b - Cigotuvi's Dreadful   Necr/Alch/Air  34%        N/A       3%          2
c - Fugue of the Fallen   Necr           38%        N/A       1%          3
d - Anguish               Hex/Necr       13%        N/A       4%          4
e - Curse of Agony        Necr           38%        N/A       1%          5
f - Death Channel         Necr           19%        N/A       12%         6

Your spell library contained the following spells:

 Spells                   Type           Power      Damage    Failure   Level
 Necrotise                Necr           100%       1d9       1%          1
 Martyr's Knell           Necr/Summ      21%        N/A       11%         4
 Scorch                   Fire           6%         2d5       26%         2
 Flame Wave               Conj/Fire      5%         2d5       80%         4
 Summon Cactus Giant      Summ           1%         N/A       100%        6


Dungeon Overview and Level Annotations

Branches:
Dungeon (8/15)             Temple (1/1) D:4            Lair (2/5) D:8
  Sewer (visited)
  Swamp: Lair:2-3    Shoals: Lair:2-3     Snake: Lair:2-3    Spider: Lair:2-3

Altars:
Ashenzari
Cheibriados
Dithmenos
Fedhas
Gozag
Hepliaklqana
Kikubaaqudgha
Makhleb
Nemelex Xobeh
Okawaru
Qazlal
Ru
Sif Muna
Trog
Uskayaw
Vehumet
Wu Jian
Yredelemnul

Shops:
D:1 =

Annotations:
D:2 Sigmund
D:8 Maurice


Innate Abilities, Weirdness & Mutations

You do not regenerate when monsters are visible.
You are frail without blood (-20% HP).
You can heal yourself when you bite living creatures.
You are immune to poison.
You have razor-sharp teeth.
You have supernaturally acute eyesight. (SInv)
You are afflicted with vampirism and can become a bat while bloodless.
You have large cloven feet.
[You are frail. (-10% HP)]


Message History

The hell rat is wracked by anguish.
Reach: a) +10 halberd of Bungecw {speed, rF+ rCorr Stlth+}
Press: ? - help, Dir - move target, f - hell rat
Aim: a hell rat (about 30% to evade the +10 halberd of Bungecw)
You reach to attack!
You barely miss the hell rat. The hell rat bites you.
* * * LOW HITPOINT WARNING * * *
Okay, then.
Blink to where?
Press: ? - help, Dir - move target, p - hell rat
As you read the scroll of blinking, it crumbles to dust.
The guardian serpent coils itself and waves its upper body at you.
The hell rat blinks!
Reach: a) +10 halberd of Bungecw {speed, rF+ rCorr Stlth+}
Press: ? - help, Dir - move target, f - hell rat
Aim: a hell rat (anguished, about 30% to evade the +10 halberd of Bungecw)
You slash the hell rat! Your bite misses the hell rat.
The hell rat is almost dead.
The hell rat misses you. The hell rat closely misses you.
Your magical contamination has completely faded away.
Reach: a) +10 halberd of Bungecw {speed, rF+ rCorr Stlth+}
Press: ? - help, Dir - move target, f/p - hell rat
Aim: a hell rat (almost dead, anguished, about 30% to evade the +10 halberd of Bungecw)
You closely miss the hell rat. Your kick misses the hell rat.
The hell rat is almost dead.
The hell rat bites you but does no damage.
Reach: a) +10 halberd of Bungecw {speed, rF+ rCorr Stlth+}
Press: ? - help, Dir - move target, f/p - hell rat
Aim: a hell rat (almost dead, anguished, about 30% to evade the +10 halberd of Bungecw)
You puncture the hell rat!
You kill the hell rat!
Kikubaaqudgha accepts your kill.
A glowing mist starts to gather...
Reach: a) +10 halberd of Bungecw {speed, rF+ rCorr Stlth+}
Press: ? - help, Dir - move target, f - hell rat
Aim: a hell rat (ally target, about 29% to evade the +10 halberd of Bungecw)
You completely miss the hell rat.
You bite the hell rat, but do no damage.
The hell rat bites you!
You die...
Kikubaaqudgha rasps: "You have failed me!
Welcome... oblivion!"

## ### ######## #.# ###
#@###..#.#S##.### ##.#
##r...r...r.r...#. #..#
#.S...#.###r...... ##.#
#.Z...#####....... ##.#
##....# #........ #P.#
##.....# #........ ##.##
#.#....# ##....... #..#
##.....# ###.......
#..#######....###.........


You could see a guardian serpent, 2 hell rats and a friendly spectral hell rat.

Vanquished Creatures
  A rime drake (Lair:2)
  3 cane toads (Lair:1)
  Psyche (D:8)
  Grinder (D:5)
  5 blink frogs (Lair:1)
  A wyvern (D:5)
  8 yaks
  A basilisk (Lair:2)
  Menkaure (D:5)
  Edmund (D:5)
  4 water moccasins
  A black bear (Lair:2)
  An ice beast (D:5)
  A sky beast (D:7)
  2 orc warriors
  A crocodile (Sewer)
  An ogre (D:5)
  A phantom (D:6)
  A brain worm (Sewer)
  3 bullfrogs
  3 scorpions
  A howler monkey (D:7)
  3 bombardier beetles
  6 hounds
  6 orc priests
  A jelly (D:6)
  A sleepcap (D:4)
  5 iguanas
  11 orc wizards
  A hell rat (Lair:2)
  3 gnolls (D:6)
  14 adders
  A white imp (D:6)
  4 worms
  6 dart slugs
  38 orcs
  5 endoplasms
  4 giant cockroaches
  3 goblins
  9 hobgoblins
  6 jackals (D:2)
  5 quokkas
  6 ball pythons
  11 bats
  2 frilled lizards
  8 kobolds
  A rat (D:2)
203 creatures vanquished.

Vanquished Creatures (collateral kills)
  A basilisk (Lair:1)
  2 water moccasins
3 creatures vanquished.

Vanquished Creatures (others)
  A black mamba (Lair:1)
  2 cane toads (Lair:1)
  A rime drake (Lair:1)
  A yak (Lair:2)
  An acid dragon (D:8)
  An electric eel (Lair:1)
  A hell rat (Lair:2)
8 creatures vanquished.

Grand Total: 214 creatures vanquished

Notes
Turn   | Place    | Note
-------+----------+-------------------------------------------
     0 | D:1      | sdynet the Vampire Gladiator began the quest for the Orb.
     0 | D:1      | Reached XP level 1. HP: 16/16 MP: 1/1
    60 | D:1      | Found Pafigee's One-of-a-Kind Rings.
    71 | D:1      | Reached skill level 1 in Stealth
   139 | D:1      | Reached XP level 2. HP: 21/22 MP: 2/2
   819 | D:2      | Gained mutation: You are afflicted with vampirism and can
                  | become a bat while bloodless. [Vampire growth]
   819 | D:2      | Reached XP level 3. HP: 22/28 MP: 3/3
  1112 | D:2      | Found a faded altar of an unknown god.
  1246 | D:2      | Noticed Sigmund
  1361 | D:2      | Reached XP level 4. HP: 35/35 MP: 4/4
  1744 | D:3      | Reached XP level 5. HP: 42/42 MP: 5/5
  1748 | D:3      | You fall into a shaft and drop 2 floors!
  1748 | D:5      | Entered Level 5 of the Dungeon
  1778 | D:5      | Noticed an ogre
  1782 | D:5      | Killed an ogre
  1783 | D:5      | Reached skill level 5 in Fighting
  1823 | D:5      | Found an ancient bone altar of Kikubaaqudgha.
  1831 | D:5      | Became a worshipper of Kikubaaqudgha
  1841 | D:5      | Noticed Edmund
  1858 | D:5      | Killed Edmund
  1859 | D:5      | Reached skill level 1 in Evocations
  1859 | D:5      | Reached XP level 6. HP: 22/51 MP: 6/6
  1891 | D:5      | Identified the +1 robe of the Kitsune {Regen+}
  1906 | D:5      | Noticed an ice beast
  1923 | D:5      | Killed an ice beast
  1996 | D:4      | Reached XP level 7. HP: 48/58 MP: 7/7
  2016 | D:4      | Found a staircase to the Ecumenical Temple.
  2082 | D:3      | Found a glowing drain.
  2086 | Sewer    | Entered a sewer
  2098 | Sewer    | Reached * piety under Kikubaaqudgha
  2098 | Sewer    | Received a gift from Kikubaaqudgha
  2101 | Sewer    | Learned a level 1 spell: Kiss of Death
  2114 | Sewer    | Learned a level 2 spell: Cigotuvi's Dreadful Rot
  2118 | Sewer    | Learned a level 3 spell: Fugue of the Fallen
  2137 | Sewer    | Reached skill level 1 in Spellcasting
  2152 | Sewer    | Reached skill level 1 in Necromancy
  2255 | D:3      | Found an opulent altar of Gozag.
  2314 | D:3      | Reached skill level 2 in Necromancy
  2804 | D:4      | Reached skill level 1 in Alchemy
  3014 | D:4      | Reached skill level 1 in Air Magic
  3024 | Temple   | Entered the Ecumenical Temple
  3122 | D:4      | Identified the +10 halberd of Bungecw {speed, rF+ rCorr
                  | Stlth+}
  3312 | D:5      | Noticed Grinder
  3314 | D:5      | Paralysed by Grinder for 5 turns
  3322 | D:5      | Killed Grinder
  3323 | D:5      | Reached skill level 1 in Conjurations
  3323 | D:5      | Reached skill level 3 in Necromancy
  3323 | D:5      | Reached XP level 8. HP: 64/64 MP: 10/12
  3402 | D:5      | Reached ** piety under Kikubaaqudgha
  3482 | D:5      | Reached skill level 4 in Necromancy
  3516 | D:5      | Noticed Menkaure
  3523 | D:5      | Killed Menkaure
  3534 | D:5      | Found a hazy altar of Hepliaklqana.
  3542 | D:5      | Reached skill level 5 in Necromancy
  3545 | D:5      | Found a hide-covered altar of Uskayaw.
  3722 | D:5      | Reached skill level 6 in Necromancy
  3865 | D:6      | Reached skill level 7 in Necromancy
  3994 | D:6      | Reached XP level 9. HP: 69/69 MP: 12/15
  3995 | D:6      | Reached skill level 8 in Necromancy
  4005 | D:6      | Reached *** piety under Kikubaaqudgha
  4005 | D:6      | Received a gift from Kikubaaqudgha
  4011 | D:6      | Learned a level 4 spell: Anguish
  4021 | D:6      | Learned a level 5 spell: Curse of Agony
  4777 | D:7      | Reached skill level 9 in Necromancy
  5050 | D:7      | Reached skill level 1 in Hexes
  5248 | D:8      | Found a staircase to the Lair.
  5248 | D:8      | Noticed Psyche
  5256 | D:8      | Killed Psyche
  5309 | D:8      | Reached **** piety under Kikubaaqudgha
  5347 | D:8      | Noticed Maurice
  5351 | D:8      | Reached skill level 5 in Spellcasting
  5356 | D:8      | Maurice stole a staff of alchemy
  5362 | D:8      | Maurice stole 401 gold
  5367 | D:8      | Maurice stole 9 javelins
  5478 | Lair:1   | Entered Level 1 of the Lair of Beasts
  5498 | Lair:1   | Reached skill level 10 in Necromancy
  5507 | Lair:1   | Reached XP level 10. HP: 26/76 MP: 8/19
  5674 | Lair:1   | Reached skill level 11 in Necromancy
  5691 | Lair:1   | Noticed a cane toad
  5694 | Lair:1   | Reached skill level 12 in Necromancy
  5700 | Lair:1   | Killed a cane toad
  5874 | Lair:1   | Learned a level 6 spell: Death Channel
  5897 | Lair:1   | Gained mutation: You have large cloven feet. [potion of
                  | mutation]
  5971 | Lair:1   | Noticed a cane toad
  5972 | Lair:1   | Noticed a cane toad
  5978 | Lair:1   | Killed a cane toad
  5981 | Lair:1   | Killed a cane toad
  6077 | Lair:1   | Noticed a cane toad
  6085 | Lair:1   | Killed a cane toad
  6141 | Lair:1   | Noticed a cane toad
  6146 | Lair:1   | Noticed a black mamba
  6148 | Lair:1   | Killed a cane toad
  6151 | Lair:1   | Killed a black mamba
  6885 | Lair:2   | Reached XP level 11. HP: 68/68 MP: 11/20
  6891 | Lair:2   | Reached skill level 13 in Necromancy
  7098 | Lair:2   | Mangled by a hell rat

Illustrated notes

Levels and vault maps discovered:
D:1:      amcnicky_arrival_underground_garden, layout_loops_ring, serial_forest,
          infiniplex_forest_lined_3_way, infiniplex_forest_lined_room_2,
          infiniplex_forest_straight_2, infiniplex_forest_end_2,
          infiniplex_forest_corner_1, infiniplex_forest_lined_1,
          infiniplex_forest_lined_4_way, infiniplex_forest_lined_3_way,
          minmay_misc_feat_tiny, nicolae_shop_unique_rings
D:2:      wad_woods_tower, layout_basic,
          shapermc_ecumenical_altar_starsandcircs, serial_corexii_hall,
          corexii_hall_statues_u, chequers_hall_statues_y,
          chequers_serial_rivers_small_3, chequers_serial_rivers_marsh,
          kennysheep_generic_room_12, uniq_sigmund
D:3:      layout_basic, grunt_gozag_statues, gup_sewer_entry_bowl
D:4:      cheibrodos_old_hovel, layout_loops_cross, minmay_temple_entry_ruins
D:5:      layout_cave_pools, jmf_multi_god_temple2,
          nicolae_kikubaaqudgha_miasma_corner, uniq_menkaure, uniq_edmund,
          uniq_grinder
D:6:      layout_basic
D:7:      layout_loops_ring
D:8:      layout_loops_corners, lair_entry_dummy, serial_shops,
          nicolae_shop_bloodbath_and_beyond, uniq_maurice, uniq_psyche
Temple:   kb_temple_of_zot
Lair:1:   layout_roguey, serial_bayou_shore_a
Lair:2:   layout_small_grid, minmay_snake_entry_spellcaster

Skill      XL: |  1  2  3  4  5  6  7  8  9 10 11 |
---------------+----------------------------------+-----
Stealth        | 2 3 4 |  4.0
Fighting       | 2 3 4 5 6 7 8 |  8.3
Evocations     | 1 |  1.0
Long Blades    | 4 |  4.0
Spellcasting   | 2 4 6 |  6.0
Necromancy     | 3 7 10 12 13 | 13.2
Alchemy        | 1 |  1.0
Air Magic      | 1 |  1.0
Conjurations   | 1 |  1.0
Hexes          | 3 4 |  4.0
Throwing       | |  1.5
Dodging        | |  3.2

Action                     |  1- 3 |  4- 6 |  7- 9 | 10-12 || total
---------------------------+-------+-------+-------+-------++-------
  Melee: Long sword        |   107 |    68 |       |       ||   175
         Bite              |    15 |    11 |    18 |     8 ||    52
         Punch             |     3 |     1 |       |       ||     4
         Rapier            |       |    14 |       |       ||    14
         Whip              |       |       |   103 |       ||   103
         Halberd           |       |       |   179 |    79 ||   258
         Kick              |       |       |       |     7 ||     7
   Fire: Sling             |    39 |       |       |       ||    39
  Throw: Throwing net      |       |     3 |       |       ||     3
         Javelin           |       |     2 |     3 |     3 ||     8
         Dart              |       |       |     1 |       ||     1
   Cast: Kiss of Death     |       |       |     2 |     2 ||     4
         Fugue of the Fall |       |       |    13 |     4 ||    17
         Cigotuvi's Dreadf |       |       |     3 |     1 ||     4
         Anguish           |       |       |     3 |     8 ||    11
         Curse of Agony    |       |       |       |     7 ||     7
         Death Channel     |       |       |       |     4 ||     4
Ability: Exsanguinate      |       |       |       |     2 ||     2
         Revivify          |       |       |       |     1 ||     1
  Evoke: Wand              |       |    15 |       |       ||    15
    Use: Scroll            |     3 |     5 |     7 |     5 ||    20
         Potion            |     2 |     4 |     7 |     5 ||    18
   Stab: Sleeping          |     3 |     6 |    14 |     3 ||    26
         Held in net/web   |       |     3 |       |       ||     3
 Armour: Leather armour    |    49 |    38 |       |       ||    87
         Robe              |       |    18 |   145 |    60 ||   223
  Dodge: Dodged            |    62 |    45 |   128 |    50 ||   285

Table legend: (Time is in decaauts)
 A = Elapsed time spent in this place.
 B = Non-inter-level travel time spent in this place.
 C = Inter-level travel time spent in this place.
 D = Time resting spent in this place.
 E = Time spent auto-exploring this place.
 F = Levels seen in this place.
 G = Mean time per level.
                   A        B        C        D        E       F      G
               +--------+--------+--------+--------+--------+-----+--------+
         Total |   7197 |   6560 |    637 |     92 |   4008 |  12 |  599.8 |
       Dungeon |   5437 |   4883 |    554 |     86 |   2839 |   8 |  679.6 |
        Temple |      1 |      1 |      0 |      0 |      0 |   1 |    1.0 |
          Lair |   1638 |   1555 |     83 |      6 |   1160 |   2 |  819.0 |
         Sewer |    119 |    119 |      0 |      0 |      9 |   1 |  119.0 |
               +--------+--------+--------+--------+--------+-----+--------+

Top non-repeatable levels by time:
  Lair:1: 1404 daAuts
     D:1: 819 daAuts
     D:6: 794 daAuts
     D:3: 771 daAuts
     D:2: 770 daAuts
     D:4: 741 daAuts
     D:5: 662 daAuts
     D:7: 643 daAuts
  Lair:2: 233 daAuts
     D:8: 233 daAuts
   Sewer: 119 daAuts
  Temple: 1 daAuts
